 Dungeon Crawl Stone Soup version 0.18.1-48-g4cf74bf (webtiles) character file.

84 MBI the Grasshopper (level 4, 0/42 HPs)
             Began as a Troll Warper on July 6, 2016.
             Was an Initiate of Sif Muna.
             Slain by an orc wizard
             ... wielding a +0 dagger
              (4 damage)
             ... on level 4 of the Dungeon.
             The game lasted 00:12:04 (2133 turns).

MBI the Grasshopper (Troll Warper)                  Turns: 2133, Time: 00:12:05

Health: 0/42       AC:  6    Str: 19    XL:     4   Next: 24%
Magic:  4/5        EV: 15    Int: 10    God:    Sif Muna [......]
Gold:   140        SH:  0    Dex: 14    Spells: 2 memorised, 2 levels left

rFire  . . .     SeeInvis .     a - +0 mace
rCold  . . .     Gourm    +     j - +0 robe
rNeg   . . .     Faith    .     (no shield)
rPois  .         Spirit   .     (helmet restricted)
rElec  .         Dismiss  .     v - +0 cloak
rCorr  .         Reflect  .     (gloves unavailable)
SustAt .         Harm     .     (boots unavailable)
MR     .....                    (no amulet)
Stlth  ++........               (no ring)
                                (no ring)

@: agile, not resistant to hostile enchantments, unstealthy
A: unfitting armour, claws 3, fast metabolism 3, gourmand, regeneration 2,
shaggy fur 1, tough skin 2
a: Renounce Religion


You were on level 4 of the Dungeon.
You worshipped Sif Muna.
Sif Muna was noncommittal.
You were not hungry.

You visited 1 branch of the dungeon, and saw 4 of its levels.

You collected 140 gold pieces.

Inventory:

Hand Weapons
 a - a +0 mace (weapon)
Missiles
 e - 2 tomahawks of dispersal (quivered)
Armour
 b - a +0 robe
 j - a +0 robe (worn)
 v - a +0 cloak (worn)
Scrolls
 d - a scroll of blinking
 i - a scroll of fear {unknown}
 k - 3 scrolls of identify {unknown}
 l - a scroll of amnesia {unknown}
 n - 4 scrolls of remove curse
 o - a scroll of teleportation {unknown}
 u - a scroll of random uselessness {unknown}
Potions
 h - a potion of invisibility {unknown}
 m - a potion of lignification {unknown}
 q - a potion of heal wounds {unknown}
 r - 2 potions of cure mutation {unknown}
 s - a potion of resistance {unknown}
Books
 c - a book of Spatial Translocations

   Spells                             Type                      Level
   a - Apportation                    Translocation                1
   b - Blink                          Translocation                2
   c - Shroud of Golubria             Charms/Translocation         2
   d - Portal Projectile              Translocation                3
   e - Teleport Other                 Translocation                3
   f - Passage of Golubria            Translocation                4
Comestibles
 f - 3 bread rations
 p - 2 meat rations


   Skills:
 + Level 1.8 Fighting
 + Level 2.2 Maces & Flails
 + Level 1.1 Throwing
 + Level 2.6 Dodging
 + Level 0.1 Stealth
 * Level 1.4 Spellcasting
 + Level 2.7 Translocations


You had 2 spell levels left.
You knew the following spells:

 Your Spells              Type           Power        Failure   Level  Hunger
a - Apportation           Tloc           #.........   12%         1    ##.....
b - Blink                 Tloc           N/A          17%         2    ###....


Dungeon Overview and Level Annotations

Branches:
Dungeon (4/15)
 Temple: D:4-7

Altars:
Fedhas
Sif Muna
The Shining One


Innate Abilities, Weirdness & Mutations

You are too large for most types of armour.
You have claws for hands.
Your metabolism is lightning-fast.
You like to eat raw meat.
You heal very quickly.
You are covered in fur (AC +1).
You have very tough skin (AC +2).


Message History

The orc wizard gestures wildly while chanting.
The orc wizard flickers and vanishes!
Deactivating autopickup; reactivate with Ctrl-A.
Drink which item? (? for menu, Esc to quit)
It was a potion of agility.
You feel agile all of a sudden.
You hear some strange, mumbled words.
A magic dart appears from out of thin air!
The magic dart hits you!
* * * LOW HITPOINT WARNING * * *
There is a stone staircase leading down here.
The orc hits you with a dagger.
* * * LOW HITPOINT WARNING * * *
You climb downwards.
A giant newt and an ogre come into view.
The ogre shouts!
You hear a shout!
Found an orange potion.
There is a stone staircase leading up here.
You closely miss the orc. Something hits you.
You die...

# #. #. ####.
####l.###......
......o@....#
####..###O..!..
#. ..#.. # ...
###


You could see an ogre, an orc and a giant newt.

Vanquished Creatures
  Jessica (D:2)
  An adder (D:2)
  A worm (D:2)
  2 dart slugs (D:1)
  A giant gecko (D:2)
  An orc (D:3)
  3 giant cockroaches
  3 goblins
  6 hobgoblins
  A quokka (D:2)
  7 bats
  3 giant newts
  6 kobolds
  7 rats
43 creatures vanquished.

Notes
Turn   | Place    | Note
--------------------------------------------------------------
     0 | D:1      | MBI the Troll Warper began the quest for the Orb.
     0 | D:1      | Reached XP level 1. HP: 19/19 MP: 1/1
   159 | D:1      | Reached XP level 2. HP: 27/28 MP: 3/3
   870 | D:2      | Noticed Jessica
   878 | D:2      | Killed Jessica
   878 | D:2      | Reached skill level 1 in Throwing
   878 | D:2      | Reached XP level 3. HP: 35/35 MP: 4/4
  1014 | D:2      | Learned a level 2 spell: Blink
  1559 | D:2      | Reached XP level 4. HP: 28/42 MP: 5/5
  1584 | D:2      | Found a blossoming altar of Fedhas.
  1584 | D:2      | Found a deep blue altar of Sif Muna.
  1594 | D:2      | Became a worshipper of Sif Muna the Loreminder
  1969 | D:3      | Found a glowing golden altar of the Shining One.
  2132 | D:4      | Noticed an ogre
  2133 | D:4      | Slain by an orc wizard

Skill      XL: |  1  2 |
---------------+-------+-----
Dodging        | 2 |  2.6
Maces & Flails | 2 |  2.2
Throwing       | 1 |  1.1
Fighting       | |  1.8
Stealth        | |  0.1
Spellcasting   | |  1.4
Translocations | |  2.7

Action                   |  1- 3 |  4- 6 || total
-------------------------+-------+-------++-------
Melee: Mace              |    92 |    74 ||   166
Throw: Tomahawk          |     3 |       ||     3
 Cast: Blink             |       |     1 ||     1
  Use: Scroll            |     1 |       ||     1
       Potion            |       |     1 ||     1
  Eat: Chunk             |    16 |     4 ||    20
Armor: Robe              |    42 |    26 ||    68
Dodge: Dodged            |    57 |    57 ||   114
